PAAA
BAKERSFIELD NOBLES @ PHOENIX HOTSPUR RESERVES
08/17/2022
 
TOP OF THE 1ST
Bakersfield Nobles batting - Pitching for Phoenix Hotspur Reserves : RHP Aaron Campbell
Pitching: RHP Aaron Campbell
Batting: LHB Markus Richardson 0-0: Ball
1-0: Foul Ball, location: 2F
1-1: Ball
2-1: Called Strike
2-2: Ball
3-2: Base on Balls
Batting: LHB Jake Shelton 0-0: Ball
1-0: Ball
2-0: Called Strike
2-1: Ball
3-1: Fly out, F5 (Popup, 5F)
Batting: RHB Vincente Flores 0-0: Ball
1-0: Ball
2-0: Foul Ball, location: 2F
2-1: Ball
3-1: Called Strike
3-2: Ground out 4-3 (Groundball, 4MS)
Markus Richardson to second
Batting: LHB Mike Russell 0-0: Ball
1-0: Ball
2-0: Called Strike
2-1: Ball
3-1: SINGLE (Groundball, 6MD)
Markus Richardson to third
Runner from 3rd tries for Home, SAFE, no throw or cutoff
Batting: LHB Luis Velázquez 0-0: Ball
1-0: Swinging Strike
1-1: Foul Ball, location: 2F
1-2: Ball
2-2: Strikes out swinging
Top of the 1st over - 1 run(s), 1 hit(s), 0 error(s), 1 left on base; Bakersfield 1 - Phoenix 0
BOTTOM OF THE 1ST
Phoenix Hotspur Reserves batting - Pitching for Bakersfield Nobles : RHP Alejandro Arteaga
Pitching: RHP Alejandro Arteaga
Batting: RHB Gabriel Pérez 0-0: Called Strike
0-1: Bunt for hit - play at first, batter OUT! 1-3
Batting: RHB Randy Rehling 0-0: Called Strike
0-1: Swinging Strike
0-2: Strikes out looking
Batting: SHB Roberto López 0-0: Called Strike
0-1: Ball
1-1: Fly out, F7 (Flyball, 78S)
Bottom of the 1st over - 0 run(s), 0 hit(s), 0 error(s), 0 left on base; Bakersfield 1 - Phoenix 0
TOP OF THE 2ND
Bakersfield Nobles batting - Pitching for Phoenix Hotspur Reserves : RHP Aaron Campbell
Batting: LHB Ricardo Miranda 0-0: Ball
1-0: Swinging Strike
1-1: TRIPLE (Flyball, 89M)
Batting: LHB Emery Miller 0-0: Called Strike
0-1: Ball
1-1: Called Strike
1-2: Strikes out swinging
Batting: RHB Juan Alba 0-0: Ball
1-0: Ball
2-0: Called Strike
2-1: Fly out, F6 (Flyball, 6M)
Batting: RHB Luis Jiménez 0-0: Called Strike
0-1: Foul Ball, location: 2F
0-2: Ball
1-2: Fly out, F8 (Flyball, 78M)
Top of the 2nd over - 0 run(s), 1 hit(s), 0 error(s), 1 left on base; Bakersfield 1 - Phoenix 0
BOTTOM OF THE 2ND
Phoenix Hotspur Reserves batting - Pitching for Bakersfield Nobles : RHP Alejandro Arteaga
Batting: RHB Martín Martínez 0-0: Ball
1-0: Ball
2-0: Ball
3-0: Called Strike
3-1: Base on Balls
Batting: RHB Jorge Gonzáles 0-0: Called Strike
0-1: Ball
1-1: Grounds into double play, 1-6-3 (Groundball, 15)
Batting: RHB Júlio Mateo 0-0: Called Strike
0-1: Ball
1-1: Ball
2-1: Called Strike
2-2: Ball
3-2: Fly out, F3 (Popup, 13)
Bottom of the 2nd over - 0 run(s), 0 hit(s), 0 error(s), 0 left on base; Bakersfield 1 - Phoenix 0
TOP OF THE 3RD
Bakersfield Nobles batting - Pitching for Phoenix Hotspur Reserves : RHP Aaron Campbell
Batting: LHB Markus Richardson 0-0: Foul Ball, location: 2F
0-1: Fly out, F7 (Flyball, 7M)
Batting: LHB Jake Shelton 0-0: Ball
1-0: Ball
2-0: Ball
3-0: Called Strike
3-1: Foul Ball, location: 2F
3-2: Fly out, F9 (Line Drive, 89M)
Batting: RHB Vincente Flores 0-0: Ball
1-0: Called Strike
1-1: Foul Ball, location: 2F
1-2: Foul Ball, location: 2F
1-2: Fly out, F8 (Flyball, 8RM)
Top of the 3rd over - 0 run(s), 0 hit(s), 0 error(s), 0 left on base; Bakersfield 1 - Phoenix 0
BOTTOM OF THE 3RD
Phoenix Hotspur Reserves batting - Pitching for Bakersfield Nobles : RHP Alejandro Arteaga
Batting: RHB Ben Anderson 0-0: Called Strike
0-1: Foul Ball, location: 2F
0-2: Ball
1-2: Foul Ball, location: 2F
1-2: Foul Ball, location: 2F
1-2: Ground out 6-3 (Groundball, 6)
Batting: SHB Jesús González 0-0: Ball
1-0: Called Strike
1-1: Ball
2-1: Ball
3-1: Base on Balls
Batting: RHB Christian O'Neal 0-0: Ball
1-0: Ball
2-0: Called Strike
2-1: Swinging Strike
2-2: Ground out 5-3 (Groundball, 56S)
Jesús González to second
Batting: RHB Gabriel Pérez 0-0: Ball
1-0: Called Strike
1-1: Foul Ball, location: 2F
1-2: Strikes out looking
Bottom of the 3rd over - 0 run(s), 0 hit(s), 0 error(s), 1 left on base; Bakersfield 1 - Phoenix 0
TOP OF THE 4TH
Bakersfield Nobles batting - Pitching for Phoenix Hotspur Reserves : RHP Aaron Campbell
Batting: LHB Mike Russell 0-0: Called Strike
0-1: Ball
1-1: Ground out 4-3 (Groundball, 34)
Batting: LHB Luis Velázquez 0-0: Ball
1-0: Fly out, F7 (Flyball, 7LM)
Batting: LHB Ricardo Miranda 0-0: Fly out, F8 (Flyball, 8LS)
Top of the 4th over - 0 run(s), 0 hit(s), 0 error(s), 0 left on base; Bakersfield 1 - Phoenix 0
BOTTOM OF THE 4TH
Phoenix Hotspur Reserves batting - Pitching for Bakersfield Nobles : RHP Alejandro Arteaga
Batting: RHB Randy Rehling 0-0: Foul Ball, location: 2F
0-1: Ball
1-1: Swinging Strike
1-2: Foul Ball, location: 2F
1-2: Ground out 6-3 (Groundball, 6M)
Batting: SHB Roberto López 0-0: Called Strike
0-1: Ball
1-1: Foul Ball, location: 2F
1-2: Foul Ball, location: 2F
1-2: Ball
2-2: Ball
3-2: SINGLE (Groundball, 34)
Batting: RHB Martín Martínez 0-0: Called Strike
0-1: Ball
1-1: Called Strike
1-2: Fielders Choice at 2nd, 5-4 (Groundball, 5L)
Batting: RHB Jorge Gonzáles 0-0: Called Strike
0-1: Ball
1-1: Foul Ball, location: 2F
1-2: Ball
2-2: SINGLE (Groundball, 6MD)
Martín Martínez to second
Runner from 2nd tries for 3rd, SAFE, no throw or cutoff
Batting: RHB Júlio Mateo 0-0: Ball
1-0: Ball
2-0: Ball
3-0: Base on Balls
Jorge Gonzáles to second
Batting: RHB Ben Anderson 0-0: Called Strike
0-1: Ball
1-1: Ball
2-1: Ball
3-1: Foul Ball, location: 2F
3-2: Base on Balls
Martín Martínez scores
Jorge Gonzáles to third
Júlio Mateo to second
Batting: SHB Jesús González 0-0: Swinging Strike
0-1: Fly out, F8 (Line Drive, 8LM)
Bottom of the 4th over - 1 run(s), 2 hit(s), 0 error(s), 3 left on base; Bakersfield 1 - Phoenix 1
TOP OF THE 5TH
Bakersfield Nobles batting - Pitching for Phoenix Hotspur Reserves : RHP Aaron Campbell
Batting: LHB Emery Miller 0-0: Ball
1-0: Ball
2-0: Ball
3-0: Base on Balls
Batting: RHB Juan Alba 0-0: Ball
1-0: Sac Bunt - play at first, batter OUT! 5-3
Emery Miller to second
Batting: RHB Luis Jiménez 0-0: Ball
1-0: SINGLE (Line Drive, 6D)
Emery Miller to third
Runner from 3rd tries for Home, SAFE, no throw or cutoff
Batting: LHB Markus Richardson 0-0: Ball
1-0: Called Strike
1-1: Called Strike
1-2: Ball
2-2: Ball
3-2: DOUBLE (Groundball, 5L)
Luis Jiménez to third
Runner from 3rd tries for Home, SAFE, no throw or cutoff
Pitching: LHP Ray Davis
Batting: LHB Jake Shelton 0-0: Ball
1-0: Swinging Strike
1-1: Ball
2-1: Ball
3-1: Swinging Strike
3-2: Strikes out swinging
Batting: RHB Vincente Flores 0-0: Called Strike
0-1: Ball
1-1: Ball
2-1: SINGLE (Groundball, 4MD)
Markus Richardson to third
Runner from 3rd tries for Home, SAFE, no throw or cutoff
Batting: LHB Mike Russell 0-0: Foul Ball, location: 2F
0-1: Called Strike
0-2: Foul Ball, location: 2F
0-2: Strikes out swinging
Top of the 5th over - 3 run(s), 3 hit(s), 0 error(s), 1 left on base; Bakersfield 4 - Phoenix 1
BOTTOM OF THE 5TH
Phoenix Hotspur Reserves batting - Pitching for Bakersfield Nobles : RHP Alejandro Arteaga
Batting: RHB Christian O'Neal 0-0: Ball
1-0: Ball
2-0: Called Strike
2-1: Foul Ball, location: 2F
2-2: Fly out, F7 (Line Drive, 7S)
Batting: RHB Gabriel Pérez 0-0: Ball
1-0: Swinging Strike
1-1: Swinging Strike
1-2: Fly out, F6 (Line Drive, 56)
Batting: RHB Randy Rehling 0-0: Ball
1-0: Ground out 4-3 (Groundball, 4)
Bottom of the 5th over - 0 run(s), 0 hit(s), 0 error(s), 0 left on base; Bakersfield 4 - Phoenix 1
TOP OF THE 6TH
Bakersfield Nobles batting - Pitching for Phoenix Hotspur Reserves : LHP Ray Davis
Batting: LHB Luis Velázquez 0-0: Ground out 2-3 (Groundball, 2R)
Batting: LHB Ricardo Miranda 0-0: Called Strike
0-1: Swinging Strike
0-2: Ball
1-2: Foul Ball, location: 2F
1-2: Ball
2-2: Ground out 5-3 (Groundball, 5S)
Batting: LHB Emery Miller 0-0: Ball
1-0: Ball
2-0: Foul Ball, location: 2F
2-1: Ball
3-1: Swinging Strike
3-2: Strikes out swinging
Top of the 6th over - 0 run(s), 0 hit(s), 0 error(s), 0 left on base; Bakersfield 4 - Phoenix 1
BOTTOM OF THE 6TH
Phoenix Hotspur Reserves batting - Pitching for Bakersfield Nobles : RHP Alejandro Arteaga
Batting: SHB Roberto López 0-0: Ball
1-0: DOUBLE (Flyball, 7LS)
Batting: RHB Martín Martínez 0-0: Called Strike
0-1: Ball
1-1: SINGLE (Line Drive, 7S)
Roberto López to third
Batting: RHB Jorge Gonzáles 0-0: Grounds into double play, 4-6-3 (Groundball, 4)
Roberto López scores
Batting: RHB Júlio Mateo 0-0: Called Strike
0-1: Hit by Pitch
Batting: RHB Ben Anderson 0-0: Called Strike
0-1: SINGLE (Line Drive, 56)
Júlio Mateo to second
Batting: SHB Jesús González 0-0: Called Strike
0-1: Foul Ball, location: 2F
0-2: Ball
1-2: Ground out 4-3 (Groundball, 4)
Bottom of the 6th over - 1 run(s), 3 hit(s), 0 error(s), 2 left on base; Bakersfield 4 - Phoenix 2
TOP OF THE 7TH
Bakersfield Nobles batting - Pitching for Phoenix Hotspur Reserves : LHP Ray Davis
Batting: RHB Juan Alba 0-0: Called Strike
0-1: Fly out, F9 (Flyball, 89M)
Batting: RHB Luis Jiménez 0-0: Called Strike
0-1: Swinging Strike
0-2: Foul Ball, location: 2F
0-2: SINGLE (Flyball, 78S)
Batting: LHB Markus Richardson 0-0: Called Strike
0-1: Ball
1-1: Fly out, F7 (Flyball, 78M)
Batting: LHB Jake Shelton 0-0: Ball
1-0: Foul Ball, location: 2F
1-1: Swinging Strike
1-2: Ball
2-2: Foul Ball, location: 2F
2-2: Strikes out swinging
Top of the 7th over - 0 run(s), 1 hit(s), 0 error(s), 1 left on base; Bakersfield 4 - Phoenix 2
BOTTOM OF THE 7TH
Phoenix Hotspur Reserves batting - Pitching for Bakersfield Nobles : RHP Alejandro Arteaga
Batting: RHB Christian O'Neal 0-0: Called Strike
0-1: Ball
1-1: Foul Ball, location: 2F
1-2: Foul Ball, location: 2F
1-2: Ground out 5-3 (Groundball, 5)
Batting: RHB Gabriel Pérez 0-0: Ball
1-0: Ball
2-0: Fly out, F9 (Flyball, 9M)
Batting: RHB Randy Rehling 0-0: Ball
1-0: Called Strike
1-1: SINGLE (Flyball, 9LM)
Pitching: RHP Marcos López
Batting: SHB Roberto López 0-0: Ball
1-0: SINGLE (Groundball, 34D)
Randy Rehling to second
Runner from 2nd tries for 3rd, OUT!
Bottom of the 7th over - 0 run(s), 2 hit(s), 0 error(s), 1 left on base; Bakersfield 4 - Phoenix 2
TOP OF THE 8TH
Bakersfield Nobles batting - Pitching for Phoenix Hotspur Reserves : LHP Ray Davis
Batting: RHB Vincente Flores 0-0: Ball
1-0: Ball
2-0: Called Strike
2-1: Ball
3-1: Fly out, F4 (Popup, 4M)
Batting: LHB Mike Russell 0-0: Fly out, F7 (Flyball, 7LM)
Batting: LHB Luis Velázquez 0-0: Called Strike
0-1: Foul Ball, location: 2F
0-2: Foul Ball, location: 2F
0-2: Ball
1-2: Ball
2-2: Strikes out swinging
Top of the 8th over - 0 run(s), 0 hit(s), 0 error(s), 0 left on base; Bakersfield 4 - Phoenix 2
BOTTOM OF THE 8TH
Phoenix Hotspur Reserves batting - Pitching for Bakersfield Nobles : RHP Marcos López
Batting: RHB Martín Martínez 0-0: Foul Ball, location: 2F
0-1: Ball
1-1: Foul Ball, location: 2F
1-2: Ball
2-2: Strikes out swinging
Batting: RHB Jorge Gonzáles 0-0: Fly out, F8 (Flyball, 8LXD)
Batting: RHB Júlio Mateo 0-0: Ball
1-0: Ball
2-0: Ground out 6-3 (Groundball, 6S)
Bottom of the 8th over - 0 run(s), 0 hit(s), 0 error(s), 0 left on base; Bakersfield 4 - Phoenix 2
TOP OF THE 9TH
Bakersfield Nobles batting - Pitching for Phoenix Hotspur Reserves : LHP Ray Davis
Pitching: RHP Pat McCormick
Batting: LHB Ricardo Miranda 0-0: Ball
1-0: Ground out 5-3 (Groundball, 56S)
Batting: LHB Emery Miller 0-0: Ball
1-0: SINGLE (Line Drive, 56D)
Batting: RHB Juan Alba 0-0: Called Strike
0-1: Ball
1-1: Fly out, F8 (Line Drive, 8RM)
Batting: RHB Luis Jiménez 0-0: SINGLE (Line Drive, 56)
Emery Miller to second
Pinch Hitting: RHB Manuel Villarreal 0-0: Called Strike
0-1: Called Strike
0-2: Ball
1-2: Strikes out swinging
Top of the 9th over - 0 run(s), 2 hit(s), 0 error(s), 2 left on base; Bakersfield 4 - Phoenix 2
BOTTOM OF THE 9TH
Phoenix Hotspur Reserves batting - Pitching for Bakersfield Nobles : RHP Marcos López
Pitching: RHP León Vásquez
Now in RF: Manuel Villarreal
Batting: RHB Ben Anderson 0-0: Ball
1-0: Ball
2-0: Ball
3-0: Called Strike
3-1: Foul Ball, location: 2F
3-2: Base on Balls
Pinch Hitting: LHB Jim Unknown 0-0: Ball
1-0: Ball
2-0: Ball
3-0: Called Strike
3-1: Foul Ball, location: 2F
3-2: Ground out U3 (Groundball, 3)
Ben Anderson to second
Batting: RHB Christian O'Neal 0-0: SINGLE (Groundball, 34)
Ben Anderson to third
Runner from 3rd tries for Home, SAFE, no throw or cutoff
Batting: RHB Gabriel Pérez 0-0: Ball
1-0: Swinging Strike
1-1: Foul Ball, location: 2F
1-2: Grounds into double play, U4-3 (Groundball, 4)
Bottom of the 9th over - 1 run(s), 1 hit(s), 0 error(s), 0 left on base; Bakersfield 4 - Phoenix 3
This league is powered by Out of the Park Baseball, the baseball management simulation game for PC, Mac and Linux
Friday, April 15th, 2016 - OOTP Baseball 16.9 Build 39